 Dungeon Crawl Stone Soup version 0.24.0-125-gc4c63601f3 (webtiles) character file.

Game seed: 11831355571976906006, levelgen mode: deterministic

93 Peloso the Shield-Bearer (level 4, 40/40 HPs)
             Began as a Minotaur Fighter on Mar 11, 2020.
             Got out of the dungeon alive.
             The game lasted 00:03:15 (1721 turns).

Peloso the Shield-Bearer (Minotaur Fighter)         Turns: 1721, Time: 00:03:15

Health: 40/40      AC:  7    Str: 20    XL:     4   Next: 36%
Magic:  3/3        EV:  8    Int:  5    God:
Gold:   92         SH: 10    Dex: 11    Spells: 3/3 levels left

rFire    . . .     SeeInvis .   a - +0 long sword
rCold    . . .     Gourm    .   c - +0 shield
rNeg     . . .     Faith    .   b - +0 scale mail
rPois    .         Spirit   .   (helmet restricted)
rElec    .         Reflect  .   (no cloak)
rCorr    .         Harm     .   (no gloves)
MR       .....                  (no boots)
Stlth    ..........             (no amulet)
HPRegen  0.13/turn              (no ring)
MPRegen  0.08/turn              (no ring)

@: no status effects
A: retaliatory headbutt, hooves 1, horns 2, MP-powered wands
a: no special abilities


You escaped.
You were hungry.

You visited 1 branch of the dungeon, and saw 2 of its levels.

You collected 92 gold pieces.

Inventory:

Hand Weapons
 a - a +0 long sword (weapon)
Armour
 b - a +0 scale mail (worn)
 c - a +0 shield (worn)
Jewellery
 k - an uncursed ring of positive energy {unknown}
Scrolls
 e - 3 scrolls of remove curse {unknown}
 h - 2 scrolls of enchant weapon {unknown}
 i - a scroll of identify {unknown}
 j - 4 scrolls of magic mapping {unknown}
 l - a scroll of fear {unknown}
 m - a scroll of immolation {unknown}
 n - 2 scrolls of fog {unknown}
Potions
 d - a potion of might
 p - a potion of heal wounds {unknown}
Comestibles
 f - 5 rations


   Skills:
 + Level 4.0 Fighting
 + Level 2.9 Long Blades
 + Level 4.3 Armour
 + Level 0.5 Dodging
 + Level 5.2 Shields


You had 3 spell levels left.
You didn't know any spells.
Your spell library was empty.

Dungeon Overview and Level Annotations

Branches:
Dungeon (2/15)

Altars:


Innate Abilities, Weirdness & Mutations

You reflexively headbutt those who attack you in melee.
You have a pair of horns on your head.
You have large cloven feet.
You expend magic power (3 MP) to strengthen your wands.


Message History

(D) Dungeon
Where to? (Enter - D:12, ? - help)
What level of the Dungeon? (default 1, ? - help)
There is a stone staircase leading up here.
You fly upwards.
There is a stone staircase leading down here.
(D) Dungeon
Where to? (Enter - D:1, ? - help)
What level of the Dungeon? (default 1, ? - help)
You see here a cursed +0 club.
You are starting to lose your buoyancy.
There is an open door here.
You float gracefully downwards.
You see here a +0 club.
You are feeling hungry.
(D) Dungeon
Where to? (Enter - D:1 @ (x,y), ? - help)
There is a staircase leading out of the dungeon here.
Are you sure you want to leave the Dungeon?
This will make you lose the game!
You have escaped!

##.#................'....#
....)...............######
##.#.########.......#
##.#.### #########
##.#.#.# ##.#.#.# .#.#...#
##.###.# ###### ##.# #.#
#...@# ##.###.# #.####
.......# ##.# ########
#..# # ##.##
###########..#
............##
############# #


There were no monsters in sight!

Vanquished Creatures
  Terence (D:2)
  2 adders (D:2)
  An ooze (D:1)
  A worm (D:2)
  3 dart slugs (D:1)
  A ball python (D:2)
  2 giant cockroaches
  2 goblins
  7 hobgoblins
  2 jackals (D:2)
  A kobold (D:2)
  5 bats
  4 frilled lizards (D:1)
  6 rats
38 creatures vanquished.

Vanquished Creatures (others)
  A frilled lizard (D:1)
1 creature vanquished.

Grand Total: 39 creatures vanquished

Notes
Turn   | Place    | Note
-------+----------+-------------------------------------------
     0 | D:1      | Peloso the Minotaur Fighter began the quest for the Orb.
     0 | D:1      | Reached XP level 1. HP: 19/19 MP: 0/0
   137 | D:1      | Reached XP level 2. HP: 26/27 MP: 1/1
   151 | D:1      | Reached skill level 4 in Shields
   800 | D:2      | Reached XP level 3. HP: 33/33 MP: 2/2
  1488 | D:2      | Noticed Terence
  1496 | D:2      | Killed Terence
  1496 | D:2      | Reached skill level 5 in Shields
  1496 | D:2      | Reached XP level 4. HP: 34/40 MP: 3/3
  1626 | D:2      | Gained mutation: You expend magic power (3 MP) to
                  | strengthen your wands. [potion of mutation]
  1626 | D:2      | Gained mutation: Your spells are a little easier to cast,
                  | but a little less powerful. [potion of mutation]
  1626 | D:2      | Lost mutation: Your spells are a little easier to cast, but
                  | a little less powerful. [potion of mutation]
  1626 | D:2      | Gained mutation: You have large cloven feet. [potion of
                  | mutation]
  1721 | D:$      | Got out of the dungeon alive.

Levels and vault maps discovered:
D:1:      dpeg_arrival_tiny_k, layout_basic
D:2:      layout_basic, uniq_terence

Skill      XL: |  1  2  3 |
---------------+----------+-----
Shields        | 4 5 |  5.2
Armour         | 4 |  4.3
Fighting       | 4 |  4.0
Long Blades    | |  2.9
Dodging        | |  0.5

Action                   |  1- 3 |  4- 6 || total
-------------------------+-------+-------++-------
Melee: Long sword        |    72 |    19 ||    91
       Headbutt          |    14 |     2 ||    16
  Use: Potion            |     1 |     2 ||     3
  Eat: Chunk             |     2 |       ||     2
Armor: Scale mail        |    43 |     3 ||    46
Dodge: Dodged            |    26 |     8 ||    34
Block: Shield            |    45 |    13 ||    58
       Rpst.: Long sword |     3 |     5 ||     8
